 Dungeon Crawl Stone Soup version 0.27-a0-1502-g47ed6a6988 (webtiles) character file.

Game seed: 13967951681168225295

81 wakim the Sneak (level 4, -3/26 HPs)
             Began as a Kobold Brigand on July 8, 2021.
             Killed by divine providence
             ... invoked by an orc priest
              (10 damage)
             ... on level 3 of the Dungeon.
             The game lasted 00:05:13 (2410 turns).

wakim the Sneak (Kobold Brigand)                    Turns: 2410, Time: 00:05:14

Health: -3/26      AC:  5    Str:  8    XL:     4   Next: 67%
Magic:  4/4        EV: 14    Int: 12    God:
Gold:   46         SH:  0    Dex: 17    Spells: 3/3 levels left

rFire    . . .     SeeInvis .   a - +2 dagger
rCold    . . .     Faith    .   (shield restricted)
rNeg     . . .     Spirit   .   l - +0 leather armour
rPois    .         Reflect  .   (no helmet)
rElec    .         Harm     .   c - +0 cloak
rCorr    .         Rampage  .   (no gloves)
Will     .....                  i - +0 pair of boots
Stlth    ++++......             (no amulet)
HPRegen  0.08/turn              (no ring)
MPRegen  0.09/turn              (no ring)

@: no status effects
A: small, no large weapons, nightstalker 3
a: no special abilities


You were on level 3 of the Dungeon.
You visited 1 branch of the dungeon, and saw 3 of its levels.

You collected 74 gold pieces.
You spent 28 gold pieces at shops.

Inventory:

Hand Weapons
 a - a +2 dagger (weapon)
Missiles
 d - 8 poisoned darts (quivered)
 e - 2 curare-tipped darts {=f}
Armour
 c - a +0 cloak (worn)
 i - a +0 pair of boots (worn)
 l - a +0 leather armour (worn)
Scrolls
 f - a scroll of vulnerability {unknown}
 g - a scroll of amnesia
 h - a scroll of enchant weapon {unknown}
 j - a scroll of brand weapon {unknown}
 n - a scroll of noise {unknown}
Potions
 k - a potion of might {unknown}
 D - a potion of brilliance
 J - a potion of heal wounds
 K - a potion of magic
 O - a potion of resistance


   Skills:
 - Level 2.1 Fighting
 * Level 5.2 Short Blades
 - Level 2.1 Throwing
 + Level 2.9 Dodging
 - Level 5.3 Stealth


You had 3 spell levels left.
You didn't know any spells.
Your spell library was empty.

Dungeon Overview and Level Annotations

Branches:
Dungeon (3/15)

Altars:
Wu Jian

Shops:
D:3 ?

Annotations:
D:3 Grinder


Innate Abilities, Weirdness & Mutations

You are small and have problems with some larger weapons.
You are completely attuned to the shadows.


Message History

The orc hits you but does no damage.
You hit the orc but do no damage.
The orc is heavily wounded.
You hit the orc.
You kill the orc!
You hit the orc priest.
The orc priest is moderately wounded.
The orc priest hits you but does no damage.
You hit the orc priest but do no damage.
The orc priest is moderately wounded.
You hit the orc priest.
The orc priest is moderately wounded.
The orc priest mumbles some strange prayers to Beogh against you.
Pain shoots through your body!
You hit the orc priest.
The orc priest is heavily wounded.
The orc priest closely misses you.
You completely miss the orc priest.
The orc priest is heavily wounded.
The orc priest hits you with a +0 short sword.
* * * LOW HITPOINT WARNING * * *
You closely miss the orc priest.
The orc priest is heavily wounded.
You hit the orc priest but do no damage.
The orc priest is heavily wounded.
The orc priest hits you but does no damage.
You hit the orc priest.
The orc priest is severely wounded.
The orc priest hits you with a +0 short sword.
* * * LOW HITPOINT WARNING * * *
You hit the orc priest but do no damage.
The orc priest is severely wounded.
You barely miss the orc priest.
The orc priest is severely wounded.
The orc priest misses you.
You completely miss the orc priest.
The orc priest is severely wounded.
The orc priest calls down the wrath of Beogh upon you.
Beogh smites you!
You die...

####._##.##..#
.........##..#
####..#####..#
####..# #..#
......# #..#
####..#####..#
##......[..#
#...######.#######
#..## #†...@o.#
#..# #######.#
#..# #)# #..# #.#
#..# #o# #..# #.#
#..# .o# #..# #..#


You could see an orc priest.

Vanquished Creatures
  2 adders
  2 dart slugs (D:2)
  7 orcs (D:3)
  6 endoplasms
  A giant cockroach (D:2)
  3 goblins
  5 hobgoblins
  4 jackals
  A quokka (D:1)
  7 ball pythons
  3 bats
  2 frilled lizards (D:1)
  3 kobolds
  2 rats
48 creatures vanquished.

Notes
Turn   | Place    | Note
-------+----------+-------------------------------------------
     0 | D:1      | wakim the Kobold Brigand began the quest for the Orb.
     0 | D:1      | Reached XP level 1. HP: 12/12 MP: 1/1
   103 | D:1      | Reached XP level 2. HP: 17/17 MP: 2/2
   358 | D:1      | You fall into a shaft and drop 1 floor!
   446 | D:1      | Reached XP level 3. HP: 21/21 MP: 3/3
   740 | D:1      | Found a faded altar of an unknown god.
   848 | D:1      | HP: 1/21 [poisoned by an adder]
  1430 | D:2      | Reached XP level 4. HP: 22/26 MP: 4/4
  1902 | D:3      | Found Tupeorick's Magic Scroll Shoppe.
  2126 | D:3      | Bought a scroll of identify for 28 gold pieces
  2156 | D:3      | Noticed Grinder
  2293 | D:3      | Found an ornate altar of the Wu Jian Council.
  2338 | D:3      | Reached skill level 5 in Short Blades
  2410 | D:3      | Killed from afar by an orc priest

Illustrated notes

Levels and vault maps discovered:
D:1:      scummos_arrival_forest, layout_basic, shapermc_ecumenical_altar_venn
D:2:      layout_loops_ring
D:3:      kennysheep_big_flooded_room, layout_loops_ring,
          overflow_temple_1_default, serial_shops, shop_scrolls, uniq_grinder

Skill      XL: |  1  2  3  4 |
---------------+-------------+-----
Short Blades   | 3 4 5 |  5.2
Dodging        | 2 |  2.9
Fighting       | |  2.1
Throwing       | |  2.1
Stealth        | |  5.3

Action                   |  1- 3 |  4- 6 || total
-------------------------+-------+-------++-------
Melee: Dagger            |    93 |    69 ||   162
  Use: Scroll            |     1 |     4 ||     5
 Stab: Sleeping          |    18 |     8 ||    26
Armor: Robe              |    16 |     1 ||    17
       Leather armour    |       |    10 ||    10
Dodge: Dodged            |    51 |    24 ||    75

Table legend: (Time is in decaauts)
 A = Elapsed time spent in this place.
 B = Non-inter-level travel time spent in this place.
 C = Inter-level travel time spent in this place.
 D = Time resting spent in this place.
 E = Time spent auto-exploring this place.
 F = Levels seen in this place.
 G = Mean time per level.
                   A        B        C        D        E       F      G
               +--------+--------+--------+--------+--------+-----+--------+
         Total |   2375 |   2309 |     66 |      0 |   1931 |   3 |  791.7 |
       Dungeon |   2375 |   2309 |     66 |      0 |   1931 |   3 |  791.7 |
               +--------+--------+--------+--------+--------+-----+--------+

Top non-repeatable levels by time:
     D:1: 1051 daAuts
     D:2: 823 daAuts
     D:3: 500 daAuts
